 Dungeon Crawl Stone Soup version 0.28-a0-1429-gf3d713df7a (webtiles) character file.

Game seed: 4332765601782423812

12 Cheeritup the Caller (level 2, 0/15 HPs)
             Began as a Tengu Summoner on Jan 8, 2022.
             Slain by a ball python (1 damage)
             ... on level 1 of the Dungeon.
             The game lasted 00:02:20 (534 turns).

Cheeritup the Caller (Tengu Summoner)                Turns: 534, Time: 00:02:21

Health: 0/15       AC:  5    Str:  8    XL:     2   Next: 33%
Magic:  3/6        EV: 10    Int: 15    God:
Gold:   16         SH:  0    Dex: 14    Spells: 4/5 levels left

rFire   . . .      SeeInvis .   f - +0 dagger
rCold   . . .      Faith    .   (no shield)
rNeg    . . .      Spirit   .   b - +0 ring mail
rPois   .          Reflect  .   (helmet restricted)
rElec   .          Harm     .   (no cloak)
rCorr   .          Rampage  .   (no gloves)
Will    .....                   (boots unavailable)
Stlth   +.........              (no amulet)
HPRegen 0.05/turn               (no ring)
MPRegen 0.10/turn               (no ring)

@: very slightly contaminated
A: beak, talons 3
a: no special abilities


You were on level 1 of the Dungeon.
You visited 1 branch of the dungeon, and saw 1 of its levels.

You collected 16 gold pieces.

Inventory:

Hand Weapons
 f - a +0 dagger (weapon)
Armour
 b - a +0 ring mail (worn)
Scrolls
 e - a scroll of amnesia {unknown}
Potions
 a - a potion of heal wounds {unknown}
 d - a potion of mutation {unknown}


   Skills:
 - Level 2.1 Dodging
 - Level 2.0 Stealth
 - Level 2.0 Spellcasting
 + Level 5.5 Summonings


You had 4 spell levels left.
You knew the following spells:

 Your Spells              Type           Power      Damage    Failure   Level
a - Summon Small Mammal   Summ           72%        N/A       7%          1

Your spell library contained the following spells:

 Spells                   Type           Power      Damage    Failure   Level
 Call Imp                 Summ           18%        N/A       11%         2
 Call Canine Familiar     Summ           18%        N/A       22%         3
 Summon Guardian Golem    Hex/Summ       9%         N/A       54%         3
 Summon Lightning Spire   Summ/Air       9%         N/A       91%         4


Dungeon Overview and Level Annotations

Branches:
Dungeon (1/15)

Altars:


Innate Abilities, Weirdness & Mutations

You have a beak for a mouth.
You have claws for feet.


Message History

The ball python constricts you. The ball python bites you.
* * * LOW HITPOINT WARNING * * *
You escape the ball python's grasp.
Your bat hits the ball python. The ball python completely misses you.
The ball python grabs you. The ball python constricts you.
You see here a fizzy black potion.
You are too injured to fight recklessly!
You escape the ball python's grasp.
Casting: Summon Small Mammal (safe; 7% risk of failure)
Press: ? - help, Q - select action Dir - look around, f - activate Your bat disappears in a puff of smoke!
The ball python closely misses you. The ball python grabs you.
The ball python constricts you. The ball python bites your rat.
The ball python barely misses your rat. The ball python closely misses you.
The ball python constricts you.
Casting: Summon Small Mammal (safe; 7% risk of failure)
Press: ? - help, Q - select action Dir - look around, f - activate The ball python bites your rat but does no damage.
The ball python barely misses your rat. The ball python bites you.
* * * LOW HITPOINT WARNING * * *
The ball python constricts you. The ball python barely misses your rat.
The ball python closely misses your rat.
Your rat bites the ball python.
You escape the ball python's grasp.
Your bat closely misses the ball python.
The ball python bites your rat.
Your rat dies!
Your rat's corpse disappears in a puff of smoke!
The ball python hisses angrily.
Your bat misses the ball python.
Your bat barely misses the ball python.
You see here a +0 club.
Casting: Summon Small Mammal (safe; 7% risk of failure)
Press: ? - help, Q - select action Dir - look around, f - activate You miscast Summon Small Mammal.
You are very lightly contaminated with residual magic.
Nothing appears to happen.
Your bat misses the ball python.
Your bat closely misses the ball python.
The ball python bites you.
You die...

.... .........#. ..#
##..#......##......... ...#
....... ............# ...
....... ...........###.#
.......## #.#.......##..#
......!.###......##>...#####
..........................#P
.........b..................
......†.!SS@†..##..÷...##...
...#...?#....#....÷.........
........##....##..........#.
####......#.#.............##
###.......#..............
##..##..........†......
#..##...##............
....#?..##............ ....
##...........


You could see 2 ball pythons and a friendly bat (summoned).

Vanquished Creatures
  A dart slug (D:1)
  A giant cockroach (D:1)
  4 ball pythons (D:1)
  A frilled lizard (D:1)
  A kobold (D:1)
8 creatures vanquished.

Vanquished Creatures (collateral kills)
  2 kobolds (D:1)
2 creatures vanquished.

Vanquished Creatures (others)
  3 plants (D:1)
3 creatures vanquished.

Grand Total: 13 creatures vanquished

Notes
Turn   | Place    | Note
-------+----------+-------------------------------------------
     0 | D:1      | Cheeritup the Tengu Summoner began the quest for the Orb.
     0 | D:1      | Reached XP level 1. HP: 10/10 MP: 4/4
    29 | D:1      | Reached skill level 5 in Summonings
   196 | D:1      | Reached XP level 2. HP: 2/15 MP: 3/6
   534 | D:1      | Slain by a ball python

Illustrated notes

Levels and vault maps discovered:
D:1:      minmay_arrival_plants_in_alcoves, layout_rooms

Skill      XL: |  1 |
---------------+----+-----
Summonings     | 5 |  5.5
Dodging        | |  2.1
Stealth        | |  2.0
Spellcasting   | |  2.0

Action                   || total
-------------------------++-------
Melee: Unarmed           ||    13
       Kick              ||     8
       Peck              ||     5
       Punch             ||     1
       Dagger            ||    13
       Club              ||    10
 Cast: Summon Small Mamm ||     7
Armor: Ring mail         ||    22
Dodge: Dodged            ||    29

Table legend: (Time is in decaauts)
 A = Elapsed time spent in this place.
 B = Non-inter-level travel time spent in this place.
 C = Inter-level travel time spent in this place.
 D = Time resting spent in this place.
 E = Time spent auto-exploring this place.
 F = Levels seen in this place.
 G = Mean time per level.
                   A        B        C        D        E       F      G
               +--------+--------+--------+--------+--------+-----+--------+
         Total |    536 |    536 |      0 |    237 |    138 |   1 |  536.0 |
       Dungeon |    536 |    536 |      0 |    237 |    138 |   1 |  536.0 |
               +--------+--------+--------+--------+--------+-----+--------+

Top non-repeatable levels by time:
     D:1: 536 daAuts
